AoeStats
← Crotovich

Fortress

508598616Analyzed
2v2 RM · 8d ago on Sep 23, 2026· 74m 30s· 4 players
Game mode
Random Map
Map size
Normal (6 player)
Population
200
Speed
Normal
Resources
Standard
Victory
Conquest
Starting age
Dark Age
Ending age
Imperial Age
RankedLock teamsTeams togetherTeam positionsShared explorationLock speedFull tech treeHidden civsTurbo modeCheats
Victory
Defeat
🇩🇰 Magyars · Denmark
766
+17
🇨🇳 Goths · China
714
+19
🇦🇷 Franks · Argentina
837
-60
🇦🇷 Poles · Argentina
715
-15
PtrCrypto
1:02 Loom
10:17 Feudal Age
10:26 Man-at-Arms
11:08 Arson
12:48 Wheelbarrow
12:32 Horse Collar
12:56 Double-Bit Axe
14:31 Scale Mail Armor
16:05 Gold Mining
20:55 Castle Age
21:24 Scale Barding Armor
22:04 Pikeman
23:32 Bow Saw
24:14 Stone Mining
25:06 Hand Cart
27:47 Corvinian Army
29:10 Gold Shaft Mining
32:47 Chain Barding Armor
32:43 Chain Mail Armor
32:20 Fletching
33:00 Heavy Plow
37:59 Imperial Age
38:04 Halberdier
39:09 Bodkin Arrow
40:32 Conscription
42:29 Crop Rotation
43:03 Two-Man Saw
44:56 Plate Barding Armor
45:05 Town Watch
56:09 Bracer
56:09 Padded Archer Armor
扎哈真传弟子
8:09 Feudal Age
9:05 Horse Collar
9:12 Double-Bit Axe
9:21 Stone Mining
9:25 Gold Mining
12:24 Scale Barding Armor
13:53 Bloodlines
17:30 Castle Age
15:43 Man-at-Arms
17:47 Scale Mail Armor
20:25 Chain Mail Armor
20:14 Squires
24:18 Bow Saw
26:56 Heavy Plow
28:38 Anarchy
28:51 Murder Holes
29:44 Stone Shaft Mining
29:22 Pikeman
35:32 Imperial Age
33:44 Wheelbarrow
33:00 Town Watch
36:49 Conscription
36:39 Perfusion
37:51 Forging
37:44 Padded Archer Armor
37:34 Fletching
38:58 Chemistry
37:46 Treadmill Crane
38:09 Heavy Scorpion
38:21 Halberdier
39:41 Iron Casting
41:43 Crop Rotation
42:16 Two-Man Saw
41:17 Elite Huskarl
46:07 Blast Furnace
45:29 Chain Barding Armor
45:24 Leather Archer Armor
45:04 Bodkin Arrow
48:34 Husbandry
47:58 Cavalier
48:01 Light Cavalry
49:32 Hussar
54:57 Ring Archer Armor
54:28 Bracer
64:04 Spies/Treason
65:44 Hand Cart
65:31 Town Patrol
67:27 Ballistics
Crotovich
7:23 Feudal Age
7:33 Loom
8:04 Double-Bit Axe
9:02 Wheelbarrow
8:14 Horse Collar
12:59 Bloodlines
14:24 Scale Barding Armor
16:52 Castle Age
15:51 Forging
18:50 Gold Mining
18:37 Light Cavalry
21:10 Husbandry
21:48 Iron Casting
21:35 Chain Barding Armor
22:24 Bow Saw
28:43 Imperial Age
29:12 Hand Cart
28:59 Heavy Plow
28:59 Winged Hussar
32:00 Blast Furnace
32:00 Stone Mining
38:19 Crop Rotation
39:21 Lechitic Legacy
44:22 Hoardings
44:33 Man-at-Arms
48:53 Town Watch
50:03 Town Patrol
50:44 Cavalier
55:53 Elite Obuch
À PEDRA
7:45 Feudal Age
8:38 Double-Bit Axe
10:21 Gold Mining
18:20 Castle Age
18:42 Crossbowman
19:36 Forging
19:19 Fletching
21:49 Stone Mining
23:17 Wheelbarrow
23:13 Bow Saw
23:46 Loom
23:48 Town Watch
24:55 Hand Cart
26:00 Ballistics
26:36 Fortified Wall
26:20 Guard Tower
27:25 Gold Shaft Mining
29:20 Murder Holes
30:14 Masonry
34:30 Imperial Age
34:25 Ordonnance Companies
37:44 Forging
37:39 Scale Barding Armor
37:34 Scale Mail Armor
37:30 Bodkin Arrow
37:35 Padded Archer Armor
38:28 Chivalry
38:50 Conscription
38:56 Conscription
40:24 Iron Casting
40:10 Chain Barding Armor
39:53 Bodkin Arrow
39:59 Padded Archer Armor
42:15 Chemistry
41:48 Architecture
40:50 Cavalier
41:33 Husbandry
42:59 Heavy Mounted Crossbowman
49:14 Blast Furnace
48:49 Plate Barding Armor
Connection lost

Rejoining the realm…

Still unreachable

The connection could not be restored.

Session expired

The server has moved on; the page needs a fresh start.